 Dungeon Crawl Stone Soup version 0.20-a0-930-gbddf555 (webtiles) character file.

1280 HeyBub the Carver (level 8, -4/71 HPs)
             Began as a Minotaur Monk on Mar 29, 2017.
             Was a Believer of Qazlal.
             Slain by an orc warrior
             ... wielding a +0 short sword
              (12 damage)
             ... on level 6 of the Dungeon.
             The game lasted 00:09:56 (5455 turns).

HeyBub the Carver (Minotaur Monk)                   Turns: 5455, Time: 00:09:56

Health: -4/71      AC:  5    Str: 20    XL:     8   Next: 29%
Magic:  7/7        EV: 15    Int: 11    God:    Qazlal [**....]
Gold:   236        SH:  3    Dex: 14    Spells: 7/7 levels left

rFire    . . .     SeeInvis .   a - +0 falchion
rCold    . . .     Gourm    .   (no shield)
rNeg     . . .     Faith    .   b - +1 robe
rPois    .         Spirit   .   (helmet restricted)
rElec    .         Reflect  .   (no cloak)
rCorr    .         Harm     .   (no gloves)
MR       .....                  (no boots)
Stlth    ++........             (no amulet)
Regen    0.3/turn               e - +4 ring of intelligence
MPRegen  0.1/turn               s - +3 ring of strength

@: drained
A: retaliatory headbutt, claws 2, hooves 1, horns 2, icy blue scales 1
a: Upheaval, Renounce Religion


You were on level 6 of the Dungeon.
You worshipped Qazlal.
Qazlal was pleased with you.
You were full.

You visited 1 branch of the dungeon, and saw 6 of its levels.

You collected 236 gold pieces.

Inventory:

Hand Weapons
 a - a +0 falchion (weapon)
Missiles
 h - 7 exploding tomahawks (quivered)
Armour
 b - a +1 robe (worn)
 r - a +0 leather armour of fire resistance
Jewellery
 e - a +4 ring of intelligence (left claw)
 s - a +3 ring of strength (right claw)
 u - an uncursed ring of wizardry
Wands
 i - a wand of polymorph (7/24)
Scrolls
 d - a scroll of magic mapping {unknown}
 f - a scroll of random uselessness
 g - 2 scrolls of teleportation
 j - a scroll of enchant armour
 k - a scroll of fog {unknown}
 l - 2 scrolls of remove curse {unknown}
 m - 2 scrolls of amnesia {unknown}
 n - a scroll of identify
 q - a scroll of immolation {unknown}
Potions
 v - a potion of resistance
Comestibles
 c - a bread ration
 o - a meat ration
 p - 2 royal jellies


   Skills:
 + Level 6.5(5.8) Fighting
 + Level 8.1(7.4) Long Blades
 + Level 6.2(5.5) Dodging
 + Level 4.2(3.5) Stealth
 + Level 0.2(0.0) Unarmed Combat


You had 7 spell levels left.
You didn't know any spells.

Dungeon Overview and Level Annotations

Branches:
Dungeon (6/15)
 Temple: D:4-7

Altars:
Gozag
Qazlal
Wu Jian
Zin


Innate Abilities, Weirdness & Mutations

You reflexively headbutt those who attack you in melee.
You have a pair of horns on your head.
You have very sharp fingernails.
You have large cloven feet.
You are partially covered in icy blue scales. (AC +2)


Message History

You barely miss the orc warrior. Your kick misses the orc warrior.
You headbutt the orc warrior.
The orc warrior is heavily wounded.
The orc warrior hits you with a short sword.
* * * LOW HITPOINT WARNING * * *
You hit the orc warrior but do no damage.
Your kick misses the orc warrior. Your headbutt misses the orc warrior.
The orc warrior is heavily wounded.
The orc priest calls down the wrath of Beogh upon you.
Beogh smites you!
* * * LOW HITPOINT WARNING * * *
The orc warrior barely misses you. You furiously retaliate!
You headbutt the orc warrior, but do no damage.
Okay, then.
As you read the scroll labeled MUVEOGGOCAA, it crumbles to dust.
It is a scroll of enchant armour.
Your +0 robe glows green for a moment.
The orc priest looks satisfied for a moment.
The orc warrior hits you with a short sword!
You die... ... .. .. ##l #oo

#o# #o# .. #@# ...
#.# ... #.# #.#
#.# #[# ####
#.###### #.# #...
#......####.###...
###............O..
#.##...รท...##...
#.##...##(.##...


You could see an orc warrior, an orc priest, an orc wizard, an orc and a leopard
gecko.

Vanquished Creatures
  The ghost of DarkTechnomancer the Magician, an amateur DrAr of Vehumet (D:5)
  An ogre (D:6)
  A bullfrog (D:5)
  4 wights (D:6)
  A crimson imp (D:5)
  A bullfrog skeleton (D:6)
  A jelly (D:6)
  3 hounds
  An orc priest (D:5)
  4 orc wizards
  Ijyb (D:3)
  Terence (D:2)
  An iguana (D:3)
  7 worker ants
  A worker ant zombie (D:5)
  Robin (D:2)
  A gnoll (D:1)
  A howler monkey skeleton (D:4)
  9 adders
  A shadow imp (D:5)
  An ooze (D:3)
  2 adder skeletons (D:4)
  2 worms (D:2)
  5 dart slugs
  3 leopard geckos
  14 orcs
  A ball python (D:3)
  2 giant cockroaches
  14 goblins
  12 hobgoblins
  3 jackals
  2 quokkas
  2 bats
  8 frilled lizards
  9 kobolds
  A leopard gecko skeleton (D:4)
  6 rats
129 creatures vanquished.

Vanquished Creatures (others)
  A scorpion (D:4)
1 creature vanquished.

Grand Total: 130 creatures vanquished

Notes
Turn   | Place    | Note
-------+----------+-------------------------------------------
     0 | D:1      | HeyBub the Minotaur Monk began the quest for the Orb.
     0 | D:1      | Reached XP level 1. HP: 19/19 MP: 0/0
    31 | D:1      | Reached XP level 2. HP: 24/27 MP: 1/1
   565 | D:1      | Reached skill level 4 in Long Blades
   864 | D:1      | Reached XP level 3. HP: 30/33 MP: 2/2
  1004 | D:2      | Noticed Terence
  1019 | D:2      | Killed Terence
  1272 | D:2      | Reached XP level 4. HP: 41/41 MP: 3/3
  1526 | D:2      | Noticed Robin
  1530 | D:2      | HP: 2/41 [goblin/sling bullet[Robin] (4)]
  1531 | D:2      | Gained mutation: You have large cloven feet. [potion of mutation]
  1531 | D:2      | Gained mutation: You have sharp fingernails. [potion of mutation]
  1531 | D:2      | Gained mutation: You are somewhat resistant to further mutation. [potion of mutation]
  1539 | D:2      | HP: 3/61 [poisoned by an adder]
  1540 | D:2      | HP: 1/61 [Robin/spear (2)]
  1542 | D:2      | Killed Robin
  2114 | D:3      | Reached skill level 5 in Long Blades
  2114 | D:3      | Reached XP level 5. HP: 46/47 MP: 4/4
  2285 | D:3      | Found a faded altar of an unknown god.
  2300 | D:3      | Noticed Ijyb
  2334 | D:3      | Killed Ijyb
  2382 | D:3      | Found an opulent altar of Gozag.
  2383 | D:3      | Found a glowing silver altar of Zin.
  2470 | D:3      | Reached skill level 5 in Fighting
  2470 | D:3      | Reached XP level 6. HP: 41/56 MP: 5/5
  2723 | D:4      | Reached skill level 6 in Long Blades
  3033 | D:4      | Found an ornate altar of the Wu Jian Council.
  3401 | D:4      | Found a stormy altar of Qazlal.
  3427 | D:4      | Became a worshipper of Qazlal Stormbringer
  3427 | D:4      | Reached * piety under Qazlal
  3427 | D:4      | Reached ** piety under Qazlal
  3491 | D:5      | Entered Level 5 of the Dungeon
  3568 | D:5      | Reached XP level 7. HP: 52/61 MP: 6/6
  3924 | D:5      | Noticed DarkTechnomancer's ghost (amateur DrAr)
  3936 | D:5      | Killed DarkTechnomancer's ghost
  3936 | D:5      | Reached skill level 7 in Long Blades
  3936 | D:5      | Reached skill level 5 in Dodging
  4862 | D:6      | Reached XP level 8. HP: 25/70 MP: 7/7
  5060 | D:6      | Reached skill level 8 in Long Blades
  5450 | D:6      | Lost mutation: You are somewhat resistant to further mutation. [potion of mutation]
  5450 | D:6      | Lost mutation: You have large cloven feet. [potion of mutation]
  5450 | D:6      | Gained mutation: You have very sharp fingernails. [potion of mutation]
  5450 | D:6      | Gained mutation: You have large cloven feet. [potion of mutation]
  5450 | D:6      | Gained mutation: You are partially covered in icy blue scales. (AC +2) [potion of mutation]
  5455 | D:6      | Slain by an orc warrior

Vault maps used:
D:1:      grunt_arrival_lava_bath
D:2:      uniq_robin, uniq_terence
D:3:      grunt_temple_overflow_gold_and_silver,
          chequers_ecumenical_altar_simple, first_bread, minmay_fountain_box,
          minmay_misc_feat_pillars, uniq_iyjb
D:4:      kennysheep_little_box, nicolae_qazlal_eye_of_the_storm
D:6:      serial_shops, shop, shop, shop

Skill      XL: |  1  2  3  4  5  6  7  8 |
---------------+-------------------------+-----
Fighting       | 4 5 6 |  6.5
Long Blades    | 4 5 6 7 8 |  8.1
Stealth        | 2 3 4 |  4.2
Dodging        | 4 5 6 |  6.2
Unarmed Combat | |  0.2

Action                   |  1- 3 |  4- 6 |  7- 9 || total
-------------------------+-------+-------+-------++-------
Melee: Falchion          |    56 |   161 |   148 ||   365
       Headbutt          |     8 |    38 |    25 ||    71
       Kick              |       |    28 |    53 ||    81
       Unarmed           |       |     5 |       ||     5
       Punch             |       |     1 |       ||     1
  Use: Scroll            |     3 |       |     4 ||     7
       Potion            |       |     3 |     3 ||     6
 Stab: Sleeping          |     4 |     9 |       ||    13
  Eat: Chunk             |     1 |       |     2 ||     3
       Bread ration      |       |     2 |     2 ||     4
Armor: Robe              |     6 |    13 |     8 ||    27
       Skin              |       |     2 |    24 ||    26
Dodge: Dodged            |    33 |   108 |    78 ||   219
Block: Other             |       |     1 |    21 ||    22
       Rpst.: Falchion   |    12 |    27 |    19 ||    58
